 Dungeon Crawl Stone Soup version 0.30-a0-165-g1891117ce2 (webtiles) character file.

Game seed: 1833393951127563928

341 spaghetti the Covert (level 6, -5/32 HPs)
             Began as a Vine Stalker Delver on Sept 28, 2022.
             Killed from afar by a white imp (8 damage)
             ... with a puff of frost
             ... on level 5 of the Dungeon.
             The game lasted 00:01:16 (697 turns).

spaghetti the Covert (Vine Stalker Delver)           Turns: 697, Time: 00:01:17

Health: -5/32      AC:  3    Str: 15    XL:     6   Next: 56%
Magic:  0/7        EV: 13    Int: 10    God:
Gold:   52         SH:  0    Dex: 17    Spells: 5/5 levels left

rFire   . . .      SeeInvis .    p - +0 dagger (vamp) {short}
rCold   . . .      Faith    .    (no shield)
rNeg    . . .      Spirit   +    b - +0 leather armour
rPois   .          Reflect  .    (no helmet)
rElec   .          Harm     .    (no cloak)
rCorr   .          Rampage  .    (no gloves)
Will    .....                    (no boots)
Stlth   ++++......               (no amulet)
HPRegen 0.90/turn                (no ring)
MPRegen 0.10/turn                (no ring)

@: no status effects
A: fangs 2, regeneration 1, magic shield, antimagic bite, no potion heal 2
a: no special abilities


You were on level 5 of the Dungeon.
You visited 1 branch of the dungeon, and saw 2 of its levels.

You collected 52 gold pieces.


Innate Abilities, Weirdness & Mutations

You have extremely sharp teeth.
Your natural rate of healing is unusually fast.
When hurt, damage is shared between your health and your magic reserves.
Your bite disrupts and absorbs the magic of your enemies.
Potions cannot restore your health.


   Skills:
 - Level 2.6 Fighting
 - Level 1.7 Short Blades
 + Level 4.1 Dodging
 + Level 8.5 Stealth


You had 5 spell levels left.
You didn't know any spells.
Your spell library contained the following spells:

 Spells                   Type           Power      Damage    Failure   Level
 Ignite Poison            Fire/Tmut/Pois 0%         N/A       80%         3
 Kindle Blastsparks       Fire/Tloc/Air  0%         2d10      80%         3
 Mephitic Cloud           Conj/Pois/Air  0%         N/A       80%         3
 Freezing Cloud           Conj/Ice/Air   0%         6-21      100%        5

Inventory:

Hand Weapons
 a - a +0 short sword {short}
 p - a +0 vampiric dagger (weapon) {short}
   (You found it on level 6 of the Dungeon)
Missiles
 i - 6 poisoned darts (quivered) {throwing}
 s - 9 stones {throwing}
Armour
 b - a +0 leather armour (worn)
Jewellery
 m - a ring of positive energy
   (You found it on level 6 of the Dungeon)
 t - a ring of positive energy
   (You found it on level 6 of the Dungeon)
Wands
 g - a wand of digging (3)
 j - a wand of paralysis (2)
   (You found it on level 6 of the Dungeon)
Scrolls
 c - a scroll of fog
 d - a scroll of magic mapping {!r}
 k - a scroll of immolation {unknown}
 l - 3 scrolls of teleportation {unknown}
 n - a scroll of identify {unknown}
 r - a scroll of enchant weapon {unknown}
Potions
 f - a potion of haste {@q3}
 h - a potion of curing {unknown}
 o - a potion of lignification {unknown}
 q - 2 potions of invisibility {unknown}

Dungeon Overview and Level Annotations

Branches:
Dungeon (6/15) Zot: 11307
 Temple: D:4-7

Altars:
. ##.#.. ...r.. ....r. .r.. . oo.

..# ##5##)..#
###........
#..@o...>.#
#..#........
....#......###
.............#
...##...........
.. .....r..#.###
. .............
#.....l....###


You could see a wyvern (wandering), an orc priest, a white imp, 2 orcs and 3
quokkas.


Message History

You kill the orc!
The orc hits you with a +0 dagger. The orc barely misses you. x2
Something hits you but does no damage.
You hit the orc but do no damage. You bite the orc, but do no damage.
The orc completely misses you. The orc closely misses you.
The orc hits you with a +0 dagger. Something hits you. 😮 HP[-3]
You take 3 damage, and now have 22/32 hp.
You closely miss the orc. The orc closely misses you.
The orc hits you with a +0 mace. The orc completely misses you.
Something hits you. 😮 HP[-2] MP[-1]
You take 2 damage, and now have 20/32 hp.
You lost 1 mp, and now have 6/7 mp.
You hit the orc but do no damage. Your bite misses the orc. 😮 HP[+1]
You barely miss the orc. The orc closely misses you.
The orc hits you with a +0 mace! The orc hits you with a +0 dagger.
* * * LOW HITPOINT WARNING * * *
Something hits you.
* * * LOW HITPOINT WARNING * * *
😨 HP[-6] MP[-3]
You take 6 damage, and now have 15/32 hp.
You lost 3 mp, and now have 3/7 mp.
Unknown command.
Unknown command.
You hit the orc but do no damage. The orc barely misses you.
The orc misses you. The orc hits you with a +0 dagger.
* * * LOW HITPOINT WARNING * * *
Something hits you.
* * * LOW HITPOINT WARNING * * *
😨 HP[-4] MP[-1]
You take 4 damage, and now have 11/32 hp.
You lost 1 mp, and now have 2/7 mp.
You hit the orc.
You feel better. The orc closely misses you. The orc completely misses you.
The orc hits you with a +0 dagger.
* * * LOW HITPOINT WARNING * * *
Something hits you.
* * * LOW HITPOINT WARNING * * *
😱 HP[-4] MP[-1]
You take 4 damage, and now have 7/32 hp.
You lost 1 mp, and now have 1/7 mp.
Unknown command.
As you read the scroll of fear, it crumbles to dust.
You assume a fearsome visage.
The orc looks frightened! x3 😱 HP[+1] 😨 HP[+1] 😨 HP[+1] MP[+1] 😨 HP[+1]
(D) Dungeon
Where to? (? - help)
An orc is nearby! 😨 HP[+1] 😨 HP[+1] 😨 HP[+1] 😨 HP[+1] 😨 HP[+1] 😮 HP[+1] 😮 HP[+1] 😮 HP[+1] MP[+1] 😮 HP[+1] 😮 HP[+1] 😮 HP[+1] 😮 HP[+1]
There is an escape hatch in the ceiling here. 😮 HP[+1]
A mysterious force pulls you upwards. The hatch slams shut behind you.
Reactivating autopickup.
Found a whip.
Found a stone staircase leading down. 😕 HP[+1] Unknown command.
There are monsters nearby!
You are too injured to fight recklessly! 😕 HP[+1]
A white imp comes into view.
The orc priest shouts!
The orc shouts!
The orc priest calls down the wrath of Beogh upon you.
Beogh smites you!
* * * LOW HITPOINT WARNING * * *
The orc misses you.
The white imp moves out of view.
Something shouts, "Begone, thou odious crook-pated bum-bailey!" 😨 HP[-10] MP[-1]
You take 10 damage, and now have 16/32 hp.
MASSIVE DAMAGE!! (PAUSE)
You lost 1 mp, and now have 2/7 mp.
You hit the orc but do no damage.
A quokka comes into view.
The orc hits you with a +0 whip.
* * * LOW HITPOINT WARNING * * *
😨 HP[-4]
You take 4 damage, and now have 12/32 hp.
You completely miss the orc.
A wyvern comes into view.
The orc hits you but does no damage.
The orc priest mumbles some strange prayers to Beogh against you.
Beogh smites you!
* * * LOW HITPOINT WARNING * * *
The white imp gestures at you. The puff of frost hits you!
You die...

Skill      XL: |  1  2  3  4  5 |
---------------+----------------+-----
Dodging        | 2 3 4 |  4.1
Stealth        | 7 8 |  8.5
Fighting       | |  2.6
Short Blades   | |  1.7

Action                   |  1- 3 |  4- 6 || total
-------------------------+-------+-------++-------
Melee: Short sword       |     7 |     1 ||     8
       Bite              |     3 |    16 ||    19
       Dagger            |       |    41 ||    41
  Use: Scroll            |       |     1 ||     1
 Stab: Sleeping          |     1 |     2 ||     3
Armor: Leather armour    |     1 |     3 ||     4
Dodge: Dodged            |     3 |    32 ||    35

Levels and vault maps discovered:
D:5:      layout_rooms, hangedman_abyss_or_decor_lesser_grid
D:6:      layout_basic, serial_bayou_lake_a

Notes
Turn   | Place    | Note
-------+----------+-------------------------------------------
     0 | D:5      | spaghetti the Vine Stalker Delver began the quest for the
                  | Orb.
     0 | D:5      | Reached XP level 1. HP: 11/11 MP: 2/2
     0 | D:5      | magus.rc [v1.9.6]
     1 | D:5      | Noticed an iguana
     9 | D:6      | Noticed a jelly
    15 | D:6      | HP: 1/11 [acid (2)]
    16 | D:6      | Killed a jelly
    17 | D:6      | Reached skill level 2 in Dodging
    17 | D:6      | Reached XP level 2. HP: 2/16 MP: 0/3
    17 | D:6      | Reached XP level 3. HP: 2/19 MP: 0/4
   455 | D:6      | Noticed a centaur
   458 | D:6      | Killed a centaur
   459 | D:6      | Reached skill level 3 in Dodging
   459 | D:6      | Reached skill level 7 in Stealth
   459 | D:6      | Gained mutation: Your natural rate of healing is unusually
                  | fast. [Vine Stalker growth]
   459 | D:6      | Reached XP level 4. HP: 23/23 MP: 5/5
   462 | D:6      | Reached XP level 5. HP: 27/27 MP: 6/6
   520 | D:6      | Noticed an ogre
   537 | D:6      | Killed an ogre
   538 | D:6      | Reached skill level 8 in Stealth
   561 | D:6      | You add the spells Kindle Blastsparks, Ignite Poison,
                  | Mephitic Cloud and Freezing Cloud to your library.
   584 | D:6      | Noticed a sky beast
   586 | D:6      | Killed a sky beast
   587 | D:6      | Reached skill level 4 in Dodging
   587 | D:6      | Reached XP level 6. HP: 32/32 MP: 7/7
   672 | D:6      | HP: 7/32 [something (3)]
   697 | D:5      | Noticed a wyvern
   697 | D:5      | HP: 3/32 [orc priest/divine providence (10)]
   697 | D:5      | Killed from afar by a white imp

Vanquished Creatures
  A sky beast (D:6)
  An ogre (D:6)
  A centaur (D:6)
  2 jellies (D:6)
  An iguana (D:6)
  2 orcs (D:6)
8 creatures vanquished.

Table legend:
 A = Non-vault XP
 B = Vault XP
 C = Vault XP percentage of total XP
 D = Non-vault monster count
 E = Vault monster count
 F = Vault count percentage of total count
                 A         B        C        D         E       F
            +---------+---------+-------+---------+---------+-------
      Total |     488 |       0 |   0.0 |       8 |       0 |   0.0
            +---------+---------+-------+---------+---------+-------
        D:6 |     488 |       0 |   0.0 |       8 |       0 |   0.0
            +---------+---------+-------+---------+---------+-------

Illustrated notes

Table legend:
 A = Kills in this place as a percentage of kills in entire the game.
 B = Kills by you in this place as a percentage of kills by you in the entire game.
 C = Kills by friends in this place as a percentage of kills by friends in the entire game.
 D = Other kills in this place as a percentage of other kills in the entire game.
 E = Experience gained in this place as a percentage of experience gained in the entire game.
 F = Experience gained in this place divided by the number of levels of this place that you have seen.
                   A       B       C       D       E      F
               +-------+-------+-------+-------+-------+----------------------
         Total | 100.0 | 100.0 |   N/A |   N/A | 100.0 | 244.0
       Dungeon | 100.0 | 100.0 |   N/A |   N/A | 100.0 | 244.0
               +-------+-------+-------+-------+-------+----------------------

Table legend: (Time is in decaauts)
 A = Elapsed time spent in this place.
 B = Non-inter-level travel time spent in this place.
 C = Inter-level travel time spent in this place.
 D = Time resting spent in this place.
 E = Time spent auto-exploring this place.
 F = Levels seen in this place.
 G = Mean time per level.
                   A        B        C        D        E       F      G
               +--------+--------+--------+--------+--------+-----+--------+
         Total |    692 |    692 |      0 |    275 |    300 |   2 |  346.0 |
       Dungeon |    692 |    692 |      0 |    275 |    300 |   2 |  346.0 |
               +--------+--------+--------+--------+--------+-----+--------+

Top non-repeatable levels by time:
     D:6: 679 daAuts
     D:5: 12 daAuts
